 Dungeon Crawl Stone Soup version 0.30.1 (webtiles) character file.

Game seed: 11760865187096509282

2021 AIAndy the Skirmisher (level 9, 0/65 HPs)
             Began as a Barachi Hunter on July 4, 2023.
             Was a Follower of Cheibriados.
             Slain by Duvessa
             ... wielding a +0 short sword
              (20 damage)
             ... on level 6 of the Dungeon.
             The game lasted 00:29:55 (5990 turns).

AIAndy the Skirmisher (Barachi Hunter)              Turns: 5990, Time: 00:29:55

Health: 0/65       AC:  3    Str: 16    XL:     9   Next: 23%
Magic:  0/9        EV: 12    Int: 13    God:    Cheibriados [*.....]
Gold:   223        SH:  0    Dex: 22    Spells: 8/8 levels left

rFire   . . .        a - +1 shortbow
rCold   . . .        (shield currently unavailable)
rNeg    . . .        c - +0 leather armour
rPois   .            (no helmet)
rElec   .            (no cloak)
rCorr   .            (no gloves)
SInv    .            (no boots)
Will    +....        y - amulet of guardian spirit
Stlth   ++           f - ring of flight
HPRegen 0.30/turn    G - ring of willpower
MPRegen 0.11/turn

%: guardian spirit
@: about to teleport, unable to hop, flying, very slow
A: amphibious, slowness 1, strong legs 1, +LOS
a: Hop, Renounce Religion, Bend Time


You were on level 6 of the Dungeon.
You worshipped Cheibriados.
Cheibriados was aware of your devotion.
You visited 2 branches of the dungeon, and saw 7 of its levels.
You also visited: Ossuary.

You collected 323 gold pieces.
You spent 100 gold pieces at shops.

Inventory:

Hand Weapons
 a - a +1 shortbow (weapon)
 h - a +1 vampiric spear
 E - a +2 dagger of protection
 F - a +3 short sword of protection
Missiles
 C - 2 throwing nets
Armour
 c - a +0 leather armour (worn)
 t - a +0 chain mail
 J - a +1 robe of fire resistance
Magical Staves
 v - a staff of fire
Jewellery
 f - a ring of flight (left hand)
 y - an amulet of guardian spirit (around neck)
 G - a ring of willpower (right hand)
Wands
 D - a wand of digging (3)
Scrolls
 b - 2 scrolls of immolation
 g - 3 scrolls of teleportation
 k - a scroll of noise {unknown}
 l - a scroll of fear
 p - a scroll of fog {unknown}
 q - a scroll of enchant armour {unknown}
 s - 2 scrolls of enchant weapon
 u - 2 scrolls of blinking {unknown}
 w - a scroll of torment {unknown}
 z - 2 scrolls of amnesia {unknown}
 A - a scroll of magic mapping {unknown}
 B - a scroll of silence {unknown}
 H - 2 scrolls of butterflies {unknown}
Potions
 d - 4 potions of lignification
 e - a potion of heal wounds
 i - a potion of cancellation
 j - a potion of resistance {unknown}
 m - a potion of invisibility {unknown}
 n - a potion of brilliance {unknown}
 o - 7 potions of curing
 r - a potion of berserk rage {unknown}
 x - 2 potions of mutation
 I - 2 potions of degeneration {unknown}


   Skills:
 + Level 3.7 Fighting
 + Level 12.2 Ranged Weapons
 - Level 2.1 Dodging
 - Level 0.8 Stealth


You had 8 spell levels left.
You didn't know any spells.
Your spell library contained the following spells:

 Spells                   Type           Power      Damage    Failure   Level
 Beastly Appendage        Tmut           0%         N/A       36%         1
 Foxfire                  Conj/Fire      0%         2x1d4     36%         1
 Slow                     Hex            0%         N/A       36%         1
 Summon Small Mammal      Summ           0%         N/A       36%         1
 Poisonous Vapours        Pois/Air       0%         N/A       50%         2
 Confusing Touch          Hex            0%         N/A       75%         3
 Mephitic Cloud           Conj/Pois/Air  0%         N/A       75%         3
 Ozocubu's Armour         Ice            0%         N/A       75%         3
 Vampiric Draining        Necr           0%         2d6       75%         3
 Animate Dead             Necr           0%         N/A       98%         4
 Borgnjor's Vile Clutch   Necr/Erth      0%         N/A       100%        5
 Freezing Cloud           Conj/Ice/Air   0%         6-21      100%        5
 Metabolic Englaciation   Hex/Ice        0%         N/A       100%        5
 Death Channel            Necr           0%         N/A       100%        6
 Simulacrum               Ice/Necr       0%         N/A       100%        6


Dungeon Overview and Level Annotations

Branches:
Dungeon (6/15)             Temple (1/1) D:5         Ossuary (visited)

Altars:
Ashenzari
Cheibriados
Dithmenos
Fedhas
Gozag
Kikubaaqudgha
Makhleb
Nemelex Xobeh
Okawaru
Qazlal
Ru
Sif Muna
Vehumet
Wu Jian
Xom
Yredelemnul
Zin
The Shining One

Shops:
D:4 !

Annotations:
D:5 1 runed translucent door, Crazy Yiuf
D:6 Duvessa


Innate Abilities, Weirdness & Mutations

You are amphibious.
You cover ground slowly.
You can hop short distances.
You have an extended range of vision and can be seen from far away.


Message History

Things that are here:
a +0 dagger; a +1 robe of fire resistance
J - a +1 robe of fire resistance Duvessa, Sister of Dowan comes into view.
She is wielding a +0 short sword.
You shoot an arrow. The arrow closely misses Duvessa.
Duvessa shouts!
Duvessa goes berserk!
You shoot an arrow. The arrow hits Duvessa!
Duvessa is moderately wounded.
You shoot an arrow. The arrow hits Duvessa!
Duvessa is moderately wounded.
You shoot an arrow. The arrow hits Duvessa.
Duvessa is heavily wounded.
You shoot an arrow. The arrow hits Duvessa!
Duvessa is severely wounded.
You shoot an arrow. The arrow hits Duvessa.
Duvessa is severely wounded.
Duvessa hits you with a +0 short sword!
Hop to where?
Press: ? - help, Dir - move target, p - Duvessa Boing!
You shoot an arrow. The arrow barely misses Duvessa.
You shoot an arrow. The arrow hits Duvessa.
Duvessa is severely wounded.
Duvessa hits you with a +0 short sword!
You shoot an arrow. The arrow closely misses Duvessa.
Duvessa hits you with a +0 short sword.
You shoot an arrow. The arrow closely misses Duvessa.
Duvessa hits you with a +0 short sword! x2
Okay, then.
Okay, then.
The flow of time bends around you.
Duvessa resists with some effort.
Duvessa hits you with a +0 short sword.
* * * LOW HITPOINT WARNING * * *
Okay, then.
Unknown command.
As you read the scroll of teleportation, it crumbles to dust.
You feel strangely unstable.
Duvessa hits you with a +0 short sword!!
You die...

### ...# ....#
############.....#
#.......e.)..#
#.#.###@###..#
#.#.#.#.....
#.#.#.#......#
#.....#..###.#
#.....#..# #
#######... ...
....


You could see Duvessa (berserk).

Vanquished Creatures
  Prince Ribbit (D:4)
  Sigmund (D:4)
  Eustachio (D:5)
  An ice beast (D:4)
  A black bear (D:5)
  2 elf zombies (Ossuary)
  A phantom (D:4)
  A kobold brigand (D:4)
  A scorpion (D:5)
  3 jellies
  Dowan (D:6)
  A howler monkey (D:5)
  A centaur zombie (Ossuary)
  6 hounds
  A gnoll bouda (D:4)
  A sleepcap (D:5)
  3 iguanas (D:5)
  2 mummies (Ossuary)
  16 gnolls
  14 adders
  A shadow imp (D:2)
  An adder zombie (Ossuary)
  3 worms (D:2)
  2 dart slugs
  8 orcs (D:4)
  6 bats
  9 endoplasms
  4 giant cockroaches
  10 hobgoblins
  5 jackals
  5 quokkas
  5 ball pythons
  4 frilled lizards
  7 goblins
  5 goblin zombies
  12 hobgoblin zombies (Ossuary)
  A jackal zombie (Ossuary)
  28 kobolds
  10 kobold zombies (Ossuary)
  5 orc zombies (Ossuary)
  9 rats
  A rat zombie (Ossuary)
200 creatures vanquished.

Vanquished Creatures (others)
  An endoplasm (D:4)
1 creature vanquished.

Grand Total: 201 creatures vanquished

Notes
Turn   | Place    | Note
-------+----------+-------------------------------------------
     0 | D:1      | AIAndy the Barachi Hunter began the quest for the Orb.
     0 | D:1      | Reached XP level 1. HP: 17/17 MP: 1/1
     1 | D:1      | Got A Tutorial on the Power of Words
    60 | D:1      | You fall into a shaft and drop 1 floor!
    79 | D:2      | Reached XP level 2. HP: 17/23 MP: 2/2
   170 | D:1      | Reached XP level 3. HP: 28/28 MP: 3/3
   190 | D:1      | Reached skill level 5 in Ranged Weapons
   867 | D:2      | Reached XP level 4. HP: 20/34 MP: 4/4
  1195 | D:2      | Reached skill level 6 in Ranged Weapons
  1251 | D:2      | Reached XP level 5. HP: 39/39 MP: 5/5
  1780 | D:3      | Found a faded altar of an unknown god.
  2424 | D:3      | Found an ornate altar of the Wu Jian Council.
  2560 | D:4      | Reached skill level 7 in Ranged Weapons
  2606 | D:4      | Reached XP level 6. HP: 39/46 MP: 3/6
  3079 | D:4      | Found Mayblem's Distillery.
  3084 | D:4      | Bought a potion of heal wounds for 50 gold pieces
  3084 | D:4      | Bought a potion of heal wounds for 50 gold pieces
  3086 | D:4      | Noticed an ice beast
  3092 | D:4      | Killed an ice beast
  3093 | D:4      | Reached skill level 8 in Ranged Weapons
  3093 | D:4      | Reached XP level 7. HP: 33/51 MP: 4/7
  3383 | D:4      | Noticed Sigmund
  3423 | D:4      | Killed Sigmund
  3424 | D:4      | Reached skill level 9 in Ranged Weapons
  4271 | D:5      | Entered Level 5 of the Dungeon
  4271 | D:5      | Noticed Prince Ribbit
  4272 | D:5      | Noticed Eustachio
  4356 | D:5      | Found a shadowy altar of Dithmenos.
  4356 | D:5      | Found an ancient bone altar of Kikubaaqudgha.
  4356 | D:5      | Found a radiant altar of Vehumet.
  4356 | D:5      | Found a broken altar of Ashenzari.
  4427 | D:4      | Reached XP level 8. HP: 41/57 MP: 6/8
  4501 | D:4      | Killed Prince Ribbit
  4502 | D:4      | Reached skill level 10 in Ranged Weapons
  4732 | D:5      | Killed Eustachio
  4733 | D:5      | Reached skill level 11 in Ranged Weapons
  5240 | D:5      | Found a staircase to the Ecumenical Temple.
  5262 | Temple   | Entered the Ecumenical Temple
  5266 | Temple   | Became a worshipper of Cheibriados the Contemplative
  5426 | D:5      | Reached XP level 9. HP: 62/62 MP: 9/9
  5511 | D:5      | Found a runed translucent door.
  5512 | D:5      | Noticed Crazy Yiuf
  5664 | D:6      | Found a sand-covered staircase.
  5673 | Ossuary  | Entered an ossuary
  5744 | Ossuary  | Reached skill level 12 in Ranged Weapons
  5764 | Ossuary  | Reached * piety under Cheibriados
  5947 | D:6      | Noticed Dowan
  5967 | D:6      | Killed Dowan
  5977 | D:6      | Noticed Duvessa
  5990 | D:6      | Slain by Duvessa

Illustrated notes

Levels and vault maps discovered:
D:1:      saegor_arrival_simple_a, layout_loops_ring
D:2:      layout_basic, nicolae_half_adder
D:3:      layout_loops_cross, mainiacjoe_overflow_alcove_4,
          dreamdust_ecumenical_altar_statues
D:4:      kennysheep_kobold_camp, layout_loops_corners, serial_shops,
          kennysheep_little_box, uniq_sigmund
D:5:      layout_cave_pools, grunt_temple_overflow_open,
          minmay_temple_entry_overgrown, uniq_prince_ribbit1, uniq_eustachio,
          uniq_crazy_yiuf_cottage
D:6:      layout_gridville, enter_ossuary_4, uniq_pikel, uniq_duvessa,
          uniq_blork_the_orc
Temple:   nicolae_temple_x_marks_the_god

Skill      XL: |  1  2  3  4  5  6  7  8  9 |
---------------+----------------------------+-----
Ranged Weapons | 5 6 7 8 9 11 12 | 12.2
Fighting       | 3 |  3.7
Dodging        | |  2.1
Stealth        | |  0.8

Action                     |  1- 3 |  4- 6 |  7- 9 || total
---------------------------+-------+-------+-------++-------
  Melee: Short sword       |       |       |     5 ||     5
   Fire: Shortbow          |   112 |   225 |   454 ||   791
 Invoke: Bend Time         |       |       |     1 ||     1
Ability: Hop               |       |     2 |     9 ||    11
    Use: Potion            |       |       |     4 ||     4
         Scroll            |       |       |     8 ||     8
 Armour: Leather armour    |    31 |    34 |    36 ||   101
  Dodge: Dodged            |    46 |   101 |   136 ||   283
